 Dungeon Crawl Stone Soup version 0.31-a0-496-g6f97920a28 (webtiles) character file.

Game seed: 7402574685814600802

6820 pokeman the Thaumaturge (level 10, -5/56 HPs)
             Began as a Deep Elf Hedge Wizard on Aug 9, 2023.
             Was a Believer of Vehumet.
             Slain by a kobold brigand
             ... wielding a +3 dagger of chaos
              (10 damage)
             ... on level 7 of the Dungeon.
             The game lasted 00:25:12 (9189 turns).

pokeman the Thaumaturge (Deep Elf Hedge Wizard)     Turns: 9189, Time: 00:25:13

Health: -5/56      AC:  6    Str:  7    XL:     10   Next: 77%
Magic:  30/39      EV: 13    Int: 24    God:    Vehumet [**....]
Gold:   636        SH:  0    Dex: 14    Spells: 20/37 levels left

rFire   + + .        v - +9 spear of Ovaumo {elec, Drain rF++ rN+ MP+9}
rCold   . . .        (no shield)
rNeg    + . .        b - +0 robe
rPois   .            E - +0 helmet
rElec   .            (no cloak)
rCorr   .            H - +0 pair of gloves
SInv    .            u - +1 pair of boots
Will    +....        J - amulet of regeneration
Stlth   ++           I - ring of flight
HPRegen 1.09/turn    (no ring)
MPRegen 0.26/turn

%: no passive effects
@: on blink cooldown, flying, slowed, very slow
A: no striking features
a: Renounce Religion


You were on level 7 of the Dungeon.
You worshipped Vehumet.
Vehumet was pleased with you.
You visited 1 branch of the dungeon, and saw 7 of its levels.
You also visited: Bailey.

You collected 636 gold pieces.

Inventory:

Hand Weapons
 v - the +9 spear of Ovaumo (weapon) {elec, Drain rF++ rN+ MP+9}
   (You found it on level 2 of the Dungeon)

   rF:        It greatly protects you from fire.
   rN:        It protects you from negative energy.
   MP:        It affects your magic capacity (+9).
   Drain:     It drains your maximum health when unequipped.
Missiles
 z - 2 throwing nets
Armour
 b - a +0 robe (worn)
 u - a +1 pair of boots (worn)
 E - a +0 helmet (worn)
 H - a +0 pair of gloves (worn)
Magical Staves
 C - a staff of poison
Jewellery
 c - an amulet of faith
 I - a ring of flight (left hand)
 J - an amulet of regeneration (around neck)
Wands
 A - a wand of iceblast (15)
 B - a wand of acid (7)
 K - a wand of flame (18)
 L - a wand of polymorph (10)
Scrolls
 f - a scroll of blinking {unknown}
 h - 2 scrolls of torment {unknown}
 i - 3 scrolls of teleportation {unknown}
 k - 4 scrolls of enchant weapon {unknown}
 l - 3 scrolls of revelation {unknown}
 m - a scroll of silence {unknown}
 n - 3 scrolls of fear {unknown}
 o - 3 scrolls of vulnerability {unknown}
 q - a scroll of fog {unknown}
 r - 3 scrolls of enchant armour {unknown}
 t - 8 scrolls of identify {unknown}
 x - a scroll of amnesia {unknown}
 y - 3 scrolls of noise {unknown}
Potions
 a - a potion of berserk rage {unknown}
 d - 2 potions of magic
 e - 4 potions of curing {unknown}
 g - 5 potions of might {unknown}
 j - 4 potions of mutation {unknown}
 p - a potion of degeneration {unknown}
 s - 2 potions of cancellation {unknown}
 w - 4 potions of haste {unknown}
 D - a potion of heal wounds {unknown}
 F - a potion of enlightenment {unknown}
 G - 3 potions of ambrosia {unknown}


   Skills:
 - Level 3.4 Fighting
 - Level 3.0 Armour
 - Level 3.0 Dodging
 - Level 3.0 Stealth
 + Level 3.1 Shields
 * Level 14.0 Spellcasting
 + Level 8.0 Conjurations
 - Level 1.1 Summonings
 - Level 1.1 Translocations
 - Level 1.2 Transmutations
 + Level 7.3 Fire Magic
 - Level 1.0 Air Magic
 - Level 1.0 Poison Magic
 - Level 2.0 Evocations


You had 20 spell levels left.
You knew the following spells:

 Your Spells              Type           Power      Damage    Failure   Level
a - Magic Dart            Conj           100%       1d8       1%          1
b - Mephitic Cloud        Conj/Pois/Air  33%        N/A       2%          3
c - Call Imp              Summ           44%        N/A       3%          2
d - Blink                 Tloc           44%        N/A       3%          2
e - Flame Wave            Conj/Fire      52%        2d13      1%          4
f - Irradiate             Conj/Tmut      19%        3d18      14%         5

Your spell library contained the following spells:

 Spells                   Type           Power      Damage    Failure   Level
 Freeze                   Ice            64%        1d7       3%          1
 Momentum Strike          Conj/Tloc      76%        3d10      1%          2
 Scorch                   Fire           100%       2d9       1%          2
 Slow                     Hex            64%        N/A       3%          1
 Lesser Beckoning         Tloc           44%        N/A       3%          2
 Cigotuvi's Dreadful Rot  Necr/Pois/Air  40%        N/A       4%          2
 Sublimation of Blood     Necr           16%        N/A       5%          2
 Manifold Assault         Tloc           22%        N/A       22%         4
 Petrify                  Tmut/Erth      19%        N/A       26%         4
 Summon Cactus Giant      Summ           11%        N/A       98%         6


Dungeon Overview and Level Annotations

Branches:
Dungeon (7/15)             Temple (0/1) D:5          Bailey (visited)

Altars:
Gozag
Hepliaklqana
Makhleb
Vehumet
Wu Jian
The Shining One

Annotations:
D:7 randomguy2701's ghost, novice DENe


Message History

You are no longer poisoned.
The kobold brigand grins madly.
The kobold brigand closely misses the kobold brigand.
Randomguy2701's ghost hits you but does no damage.
The kobold brigand hits you with a +0 short sword.
* * * LOW HITPOINT WARNING * * *
The kobold brigand is engulfed in noxious fumes.
The kobold brigand appears confused.
The kobold brigand closely misses you.
A wave of flame ripples out!
The flame wave engulfs the kobold brigand.
The kobold brigand is severely wounded.
The flame wave engulfs the kobold brigand!
The kobold brigand is severely wounded.
The flame wave engulfs randomguy2701's ghost.
Randomguy2701's ghost is heavily damaged.
The flame wave engulfs the kobold brigand!
The kobold brigand is heavily wounded.
The flame wave engulfs the kobold brigand!
The kobold brigand is moderately wounded.
The flame wave engulfs the kobold brigand!!
You kill the kobold brigand!
Vehumet accepts your kill.
You feel your power returning.
You finish channelling waves of flame.
The kobold brigand is engulfed in noxious fumes.
The kobold brigand appears confused.
The kobold brigand hits you with a +0 dagger.
* * * LOW HITPOINT WARNING * * *
The kobold brigand hits itself but does no damage.
Randomguy2701's ghost hits you.
* * * LOW HITPOINT WARNING * * *
Unknown command.
Casting: Flame Wave (dangerous; 1% risk of failure)
Confirm with . or Enter, or press ? or * to list all spells.
You blink.
The kobold brigand closely misses you. The kobold brigand barely misses you.
Randomguy2701's ghost hits you.
* * * LOW HITPOINT WARNING * * *
The kobold brigand barely misses you. Randomguy2701's ghost hits you.
* * * LOW HITPOINT WARNING * * *
The kobold brigand hits you with a +3 dagger of chaos!
You die...

..................###########.##.
............##....##...#..# #.##.
.............+....##.#.#..# #.##.
..))........##...###.#.#..# #.##.
............###### #.#.#..###.##.
...........## #.#.#.......#.
..........##########.#.#.#######.
..............KK.#...#...........
..........##..ยง.@....###.########
.............##WK'##.# #.#
..........####..K..#####.#
..........# #..#)#..#.(..#
..........# #8.#.#.8#.####
.######...###..#.#..#.#### .#
###.....##.....##....#
.####.....##.##...######.#
...>......##.##### #.#


You could see 4 kobold brigands and randomguy2701's ghost.

Vanquished Creatures
  2 vault guards (Bailey)
  Joseph (D:7)
  The ghost of juan097 the Firebug, a novice DsFE of Ru (D:5)
  The ghost of bahustanut the Chopper, an amateur OgFi (D:4)
  A hornet (D:7)
  Prince Ribbit (Bailey)
  A shadow (D:4)
  3 humans (Bailey)
  An acid dragon (D:4)
  Duvessa (D:4)
  Edmund (D:5)
  3 black bears
  An orc warrior (D:6)
  A sky beast (D:7)
  2 centaurs
  A phantom (D:7)
  14 bullfrogs
  4 kobold brigands (D:7)
  A necrophage (D:4)
  4 scorpions
  A gnoll sergeant (D:4)
  3 wights (D:4)
  Dowan (D:4)
  A howler monkey (D:4)
  3 jellies
  4 hounds
  2 gnoll boudas
  3 orc priests
  2 orc wizards
  2 iguanas
  A hound skeleton (D:4)
  33 gnolls
  7 adders
  A river rat (D:4)
  2 shadow imps (D:6)
  A white imp (D:7)
  2 ufetubi
  4 worms
  2 dart slugs
  31 orcs
  7 bats
  7 endoplasms
  3 giant cockroaches
  9 goblins
  11 hobgoblins
  14 jackals
  28 kobolds
  5 quokkas
  6 ball pythons
  4 frilled lizards (D:1)
  2 rats (D:3)
247 creatures vanquished.

Notes
Turn   | Place    | Note
-------+----------+-------------------------------------------
     0 | D:1      | pokeman the Deep Elf Hedge Wizard began the quest for the
                  | Orb.
     0 | D:1      | Reached XP level 1. HP: 10/10 MP: 7/7
   191 | D:1      | Reached XP level 2. HP: 12/16 MP: 2/9
   646 | D:1      | Found a faded altar of an unknown god.
   709 | D:1      | Reached skill level 5 in Spellcasting
   709 | D:1      | Reached XP level 3. HP: 19/20 MP: 3/11
   715 | D:1      | Learned a level 3 spell: Mephitic Cloud
   720 | D:1      | Learned a level 2 spell: Call Imp
   723 | D:1      | Learned a level 2 spell: Blink
  1738 | D:2      | Reached skill level 1 in Armour
  1793 | D:2      | Reached skill level 1 in Fighting
  1826 | D:2      | Identified the +9 spear of Ovaumo {elec, Drain rF++ rN+
                  | MP+9}
  2362 | D:3      | Reached XP level 4. HP: 25/25 MP: 13/13
  3279 | D:4      | Reached skill level 6 in Spellcasting
  3283 | D:4      | Reached XP level 5. HP: 24/29 MP: 8/15
  3479 | D:4      | Reached skill level 1 in Poison Magic
  3500 | D:4      | Reached skill level 1 in Air Magic
  3510 | D:4      | Learned a level 4 spell: Flame Wave
  3610 | D:4      | Reached XP level 6. HP: 19/34 MP: 17/17
  3666 | D:4      | Reached skill level 7 in Spellcasting
  3666 | D:4      | Reached skill level 1 in Fire Magic
  3926 | D:4      | Found a runed translucent door.
  3928 | D:4      | Noticed bahustanut's ghost (amateur OgFi)
  4192 | D:4      | Reached XP level 7. HP: 39/39 MP: 20/20
  4370 | D:4      | Reached skill level 8 in Spellcasting
  4711 | D:4      | Reached skill level 1 in Evocations
  4715 | D:4      | Noticed Duvessa
  4718 | D:4      | Noticed Dowan
  4727 | D:4      | Killed Dowan
  4733 | D:4      | Killed Duvessa
  4747 | D:4      | Reached XP level 8. HP: 34/44 MP: 16/22
  4937 | D:4      | Reached skill level 9 in Spellcasting
  4982 | D:4      | Found an opulent altar of Gozag.
  5334 | D:4      | Found a burning altar of Makhleb.
  5412 | D:4      | Found a runed translucent door.
  5421 | D:4      | Reached skill level 5 in Conjurations
  5434 | D:4      | Found a radiant altar of Vehumet.
  5434 | D:4      | Found an ornate altar of the Wu Jian Council.
  5438 | D:4      | Found a glowing golden altar of the Shining One.
  5439 | D:4      | Found a hazy altar of Hepliaklqana.
  5441 | D:4      | Became a worshipper of Vehumet
  5574 | D:4      | Killed bahustanut's ghost
  5575 | D:4      | Reached skill level 10 in Spellcasting
  5700 | D:5      | Entered Level 5 of the Dungeon
  5700 | D:5      | Found a staircase to the Ecumenical Temple.
  5826 | D:5      | Noticed Edmund
  5836 | D:5      | Killed Edmund
  5925 | D:5      | Found a runed translucent gate.
  5927 | D:5      | Found a runed translucent gate.
  5929 | D:5      | Found a runed translucent gate.
  5932 | D:5      | Noticed juan097's ghost (novice DsFE)
  5971 | D:5      | Reached XP level 9. HP: 48/48 MP: 25/25
  6816 | D:5      | Killed juan097's ghost
  6927 | D:4      | Reached skill level 11 in Spellcasting
  6927 | D:4      | Reached skill level 5 in Fire Magic
  7423 | D:6      | Reached * piety under Vehumet
  7423 | D:6      | Offered knowledge of Shock by Vehumet.
  7838 | D:7      | Found a flagged portal.
  7848 | Bailey   | Entered a bailey
  7857 | Bailey   | Reached skill level 12 in Spellcasting
  7947 | Bailey   | Reached skill level 1 in Shields
  7949 | Bailey   | Reached XP level 10. HP: 37/56 MP: 28/28
  7954 | Bailey   | Noticed Prince Ribbit
  7955 | Bailey   | Noticed a vault guard
  7960 | Bailey   | Killed Prince Ribbit
  7969 | Bailey   | Killed a vault guard
  7970 | Bailey   | Reached skill level 13 in Spellcasting
  8045 | Bailey   | Noticed a vault guard
  8054 | Bailey   | Killed a vault guard
  8055 | Bailey   | Reached ** piety under Vehumet
  8055 | Bailey   | Offered knowledge of Freeze by Vehumet.
  8148 | D:7      | Learned a level 5 spell: Irradiate
  8158 | D:7      | Found a runed translucent gate.
  8158 | D:7      | Found a runed translucent gate.
  8218 | D:7      | Noticed Joseph
  8235 | D:7      | Killed Joseph
  8236 | D:7      | Reached skill level 1 in Transmutations
  8547 | D:7      | Found a runed translucent gate.
  8547 | D:7      | Noticed randomguy2701's ghost (novice DENe)
  9187 | D:7      | Reached skill level 14 in Spellcasting
  9189 | D:7      | Slain by a kobold brigand

Illustrated notes

Levels and vault maps discovered:
D:1:      dpeg_arrival_tiny_h, layout_basic, nicolae_ecumenical_lake_church,
          nicolae_concentric_dashed_squares_wild
D:2:      layout_loops_ring
D:3:      layout_loops_ring
D:4:      lemuel_castle_with_subvaults [lemuel_castle_interior_original],
          layout_loops_ring, makhleb_blood_cavern_becter, minitemple,
          grunt_gozag_statues, ebering_ghost_sewer_f, chequers_garden,
          sigmund_army, uniq_duvessa
D:5:      layout_rooms, minmay_temple_entry_slanted, gammafunk_ghost_split,
          minmay_starry_boxes, uniq_edmund
D:6:      layout_basic
D:7:      kennysheep_kobold_camp, layout_basic, enter_bailey_2,
          gammafunk_ghost_nasty_kobolds, uniq_joseph

Skill      XL: |  1  2  3  4  5  6  7  8  9 10 |
---------------+-------------------------------+-----
Spellcasting   | 5 6 7 8 10 12 14 | 14.0
Armour         | 1 3 |  3.0
Fighting       | 1 2 3 |  3.4
Conjurations   | 2 3 4 5 7 8 |  8.0
Dodging        | 3 |  3.0
Stealth        | 3 |  3.0
Poison Magic   | 1 |  1.0
Air Magic      | 1 |  1.0
Fire Magic     | 1 3 4 6 7 |  7.3
Evocations     | 1 2 |  2.0
Shields        | 1 3 |  3.1
Transmutations | 1 |  1.2
Summonings     | |  1.1
Translocations | |  1.1

Action                     |  1- 3 |  4- 6 |  7- 9 | 10-12 || total
---------------------------+-------+-------+-------+-------++-------
  Melee: Dagger            |     9 |       |       |       ||     9
         Spear             |     3 |    49 |   114 |    26 ||   192
   Cast: Magic Dart        |   101 |   152 |   115 |    39 ||   407
         Mephitic Cloud    |     1 |    13 |    23 |    14 ||    51
         Blink             |       |     1 |     3 |     1 ||     5
         Call Imp          |       |     1 |     5 |     1 ||     7
         Flame Wave        |       |       |    19 |    11 ||    30
  Evoke: Wand              |       |       |     3 |       ||     3
   Stab: Confused          |     1 |     4 |    16 |     3 ||    24
         Sleeping          |       |       |     1 |       ||     1
 Armour: Robe              |     7 |     7 |    20 |     9 ||    43
  Dodge: Dodged            |    22 |    45 |    86 |    28 ||   181

Table legend: (Time is in decaauts)
 A = Elapsed time spent in this place.
 B = Non-inter-level travel time spent in this place.
 C = Inter-level travel time spent in this place.
 D = Time resting spent in this place.
 E = Time spent auto-exploring this place.
 F = Levels seen in this place.
 G = Mean time per level.
                   A        B        C        D        E       F      G
               +--------+--------+--------+--------+--------+-----+--------+
         Total |   9229 |   8744 |    485 |    279 |   6889 |   8 | 1153.6 |
       Dungeon |   8948 |   8463 |    485 |    269 |   6721 |   7 | 1278.3 |
        Bailey |    281 |    281 |      0 |     10 |    168 |   1 |  281.0 |
               +--------+--------+--------+--------+--------+-----+--------+

Top non-repeatable levels by time:
     D:4: 2964 daAuts
     D:1: 1247 daAuts
     D:7: 1106 daAuts
     D:3: 969 daAuts
     D:5: 954 daAuts
     D:2: 872 daAuts
     D:6: 833 daAuts
  Bailey: 281 daAuts
